 Dungeon Crawl Stone Soup version 0.28.0-43-g3370ac3207 (webtiles) character file.

Game seed: 17858429469472904456

91 gzilladon the Chopper (level 4, -2/41 HPs)
             Began as a Hill Orc Monk on Mar 30, 2022.
             Succumbed to an adder's poison
             ... on level 3 of the Dungeon.
             The game lasted 00:07:14 (2696 turns).

gzilladon the Chopper (Hill Orc Monk)               Turns: 2696, Time: 00:07:14

Health: -2/41      AC:  2    Str: 15    XL:     4   Next: 57%
Magic:  4/4        EV: 12    Int: 10    God:
Gold:   85         SH:  0    Dex: 13    Spells: 3/3 levels left

rFire   . . .      SeeInvis .   d - +0 battleaxe
rCold   . . .      Faith    .   (shield currently unavailable)
rNeg    . . .      Spirit   .   b - +0 robe
rPois   .          Reflect  .   (no helmet)
rElec   .          Harm     .   (no cloak)
rCorr   .          Rampage  .   (no gloves)
Will    .....                   (no boots)
Stlth   ++........              (no amulet)
HPRegen 0.13/turn               (no ring)
MPRegen 0.09/turn               (no ring)

@: lethally poisoned (-2 -> -12)
A: no striking features
a: no special abilities


You were on level 3 of the Dungeon.
You visited 1 branch of the dungeon, and saw 3 of its levels.

You collected 85 gold pieces.

Inventory:

Hand Weapons
 a - a +0 hand axe
 d - a +0 battleaxe (weapon)
 i - a +0 war axe
Missiles
 c - 123 arrows
 e - 80 stones (quivered)
 h - 5 poisoned darts
Armour
 b - a +0 robe (worn)
Scrolls
 f - 3 scrolls of identify
 g - a scroll of magic mapping
 j - a scroll of teleportation {unknown}


   Skills:
 + Level 4.3 Fighting
 * Level 6.3 Axes
 - Level 2.4 Dodging
 - Level 1.5 Stealth


You had 3 spell levels left.
You didn't know any spells.
Your spell library was empty.

Dungeon Overview and Level Annotations

Branches:
Dungeon (3/15)

Altars:


Message History

The iguana bites you but does no damage.
You slash the iguana!
You kill the iguana!
Your Axes skill increases to level 6!
The orc shouts!
You hear an angry hiss.
An adder comes into view.
The orc hits you with a +0 flail.
You hit the orc.
The orc is severely wounded.
The orc closely misses you. The orc hits you with a +0 flail.
You barely miss the orc.
The orc is heavily wounded.
The orc hits you with a +0 flail!
You slash the orc!
You kill the orc!
The adder bites you.
You are poisoned.
The adder poisons you!
You barely miss the adder.
You feel sick. The adder closely misses you.
You closely miss the adder.
You feel sick. The adder closely misses you. The adder bites you.
* * * LOW HITPOINT WARNING * * *
You are more poisoned.
The adder poisons you!
You closely miss the adder.
You feel very sick. The adder bites you.
* * * LOW HITPOINT WARNING * * *
The adder bites you.
* * * LOW HITPOINT WARNING * * *
You are more poisoned.
The adder poisons you!
As you read the scroll labelled WOD QARAITIF, it crumbles to dust.
It is a scroll of identify.
g - a scroll of magic mapping
* * * LOW HITPOINT WARNING * * *
You feel sick. The adder barely misses you.
You slash the adder!
The adder is severely wounded.
You die...

#.##...# .# #.##.#.# #.
#.# ...#.. #.# #..#. #.#
#... ##. # #.# #..# ....
####.####.####.### .....
#................#......
#.##!####.####)#@S......
#. #.####.###...... #
#.....†....##...
######.##### .. #.# #.#
#†# #.# #.#


You could see an adder.

Vanquished Creatures
  An iguana (D:3)
  A gnoll (D:1)
  An adder (D:2)
  A worm (D:3)
  3 dart slugs
  An orc (D:3)
  4 endoplasms
  A giant cockroach (D:2)
  5 hobgoblins
  A quokka (D:1)
  2 ball pythons
  3 bats
  5 frilled lizards
  3 goblins (D:2)
  3 kobolds
  4 rats
39 creatures vanquished.

Notes
Turn   | Place    | Note
-------+----------+-------------------------------------------
     0 | D:1      | gzilladon the Hill Orc Monk began the quest for the Orb.
     0 | D:1      | Reached XP level 1. HP: 19/19 MP: 1/1
   227 | D:1      | Reached XP level 2. HP: 19/27 MP: 2/2
   290 | D:1      | Found a faded altar of an unknown god.
   364 | D:1      | Reached skill level 5 in Axes
   367 | D:1      | Reached XP level 3. HP: 8/33 MP: 3/3
  2577 | D:3      | Reached XP level 4. HP: 35/40 MP: 4/4
  2675 | D:3      | Reached skill level 6 in Axes
  2695 | D:3      | HP: 1/41 [poisoned by an adder]
  2696 | D:3      | Succumbed to an adder's poison

Illustrated notes

Levels and vault maps discovered:
D:1:      amcnicky_arrival_flooded_fountain, layout_basic,
          basic_ecumenical_altar
D:2:      layout_loops_corners
D:3:      layout_rooms

Skill      XL: |  1  2  3  4 |
---------------+-------------+-----
Fighting       | 4 |  4.3
Axes           | 5 6 |  6.3
Dodging        | |  2.4
Stealth        | |  1.5

Action                   |  1- 3 |  4- 6 || total
-------------------------+-------+-------++-------
Melee: Hand axe          |    21 |       ||    21
       Punch             |     2 |       ||     2
       Battleaxe         |    77 |    18 ||    95
  Use: Scroll            |       |     1 ||     1
Armor: Robe              |    15 |     1 ||    16
Dodge: Dodged            |    68 |    12 ||    80
